cohdb
Replays
Latest Replays
All Replays
Popular Replays
Top Player Replays
Match Explorer
How It Works
Community
CoH3 Stats
Reddit
Sign in to upload your games and track your stats! →
Sign in with Steam
Match 46713434
Unlisted
Match 46713434
Overview
Messages
Build Orders
End
Selects Italian Combined Arms Battlegroup
Selects Bersaglieri Squad
Bersaglieri Squad
250 Light Carrier
Bersaglieri Squad
Bersaglieri Squad
Construct Light Support Kompanie
Selects Bersaglieri Bolster
Combat Half-tracks
2.5-tonne Medical Truck
Panzerjäger Mechanized Group
Selects Breda Model 30 Light Machine Guns
Construct Mechanized Kompanie
Marder III Tank Destroyer
Selects Semovente da 75/18 Assault Gun
254 Reconnaissance Tractor
Selects Strafing Run
Strafing Run
Strafing Run
Selects Artillery Cover
Strafing Run
Construct Panzerarmee Kommand
Jason_Beebe
Mr.Faraam
Max
noony2351
Drink||Belzebuth
Carecup
0
0
Comments
sign in to comment!
No comments posted yet!